 Dungeon Sprint DCSS version 0.30-a0-636-g200c5c4a83 (webtiles) character file.

Game seed: 4576305832911685924

1300000 CrazyBamboolord the Sorcerer (level 14, -31/80 HPs)
             Began as a Djinni Fire Elementalist on Jan 15, 2023.
             Was a Follower of Makhleb.
             Annihilated by a meat berserker
             ... wielding a +9 battleaxe
              (87 damage)
             ... in the Dungeon (Sprint VIII: "Arena of Blood").
             The game lasted 00:01:47 (13 turns).

CrazyBamboolord the Sorcerer (DjFE)                   Turns: 13, Time: 00:01:48

Health: -31/80     AC:  2    Str:  7    XL:     14   Next: 11%
Gold:   0          EV: 12    Int: 21    God:    Makhleb [*.....] SH:  0 Dex: 15

rFire   + + .      SeeInvis .    h - +∞ Axe of Woe
rCold   x . .      Faith    .    (shield currently unavailable)
rNeg    . . .      Spirit   .    a - +0 robe
rPois   ∞          Reflect  .    (no helmet)
rElec   .          Harm     .    (no cloak)
rCorr   .          Rampage  .    (no gloves)
Will    +....      NoTele   +    (boots unavailable)
Stlth   ++                       (no amulet)
HPRegen 0.33/turn                (no ring)
MPRegen 0.00/turn                (no ring)

@: flying
A: sickness immunity, fire resistance 2, cold vulnerability 1, float, innate
caster, HP casting, extra vitality 1
a: Renounce Religion


You were in the Dungeon.
You worshipped Makhleb.
Makhleb was aware of your devotion.
You visited 1 branch

Inventory:

Hand Weapons
 h - the +∞ Axe of Woe (weapon)
   (You found it in the Dungeon)
Armour
 a - a +0 robe (worn)
Scrolls
 g - a scroll of blinking
Potions
 b - 3 potions of magic
 c - a potion of curing
 d - a potion of heal wounds
 e - a potion of haste
 f - a potion of berserk rage


   Skills:
 - Level 4.2 Axes
 - Level 2.1 Dodging
 - Level 1.5 Stealth
 * Level 26.4 Spellcasting
 * Level 6.4 Invocations


You had 33 spell levels left.
You knew the following spells:

 Your Spells              Type           Power      Damage    Failure   Level
a - Foxfire               Conj/Fire      100%       2x1d9     0%          1
b - Scorch                Fire           100%       2d10      0%          2
c - Kindle Blastsparks    Fire/Tloc/Air  100%       2d18      0%          3
d - Inner Flame           Hex/Fire       95%        N/A       0%          3
e - Flame Wave            Conj/Fire      95%        2d20      0%          4
f - Beastly Appendage     Tmut           100%       N/A       0%          1
g - Searing Ray           Conj           100%       2d8       0%          2
h - Spider Form           Tmut/Pois      95%        N/A       0%          3
i - Passage of Golubria   Tloc           95%        N/A       0%          4
j - Cause Fear            Hex            47%        N/A       0%          4
k - Alistair's Intoxicat  Tmut/Pois      63%        N/A       0%          5
Your spell library was empty.

Dungeon Overview and Level Annotations

Branches:
Dungeon (1/1)

Altars:
Makhleb


Innate Abilities, Weirdness & Mutations

You are immune to sickness and miasma.
You are immune to poison.
Your flesh is very heat resistant. (rF++)
You are vulnerable to cold. (rC-)
You float through the air rather than walking.
You learn spells naturally, not from books.
Your magical power is your life essence.
You have superior vitality. (+4 MHP)


Message History

Makhleb accepts your kill.
A meat berserker comes into view. It is wielding a +9 battleaxe.
You hear a shout! x5
A meat berserker comes into view. It is wielding a +9 battleaxe.
You hear a shout! x6
A meat berserker comes into view. It is wielding a +9 battleaxe.
You hear a shout! x6
Your Spellcasting skill gained 2 levels and is now at level 26!
Your Invocations skill gained 6 levels and is now at level 6!
You have reached level 14!
Cast which spell? (? or * to list)
Casting: Alistair's Intoxication (safe; 0% risk of failure)
Press: ? - help, Dir - look around, f - activate You can't see that place.
Okay, then.
Unknown command.
Casting: Alistair's Intoxication (safe; 0% risk of failure)
Confirm with . or Enter, or press ? or * to list all spells.
Okay, then.
Unknown command.
Casting: Alistair's Intoxication (safe; 0% risk of failure)
Confirm with . or Enter, or press ? or * to list all spells.
Okay, then.
Unknown command.
Casting: Alistair's Intoxication (safe; 0% risk of failure)
Confirm with . or Enter, or press ? or * to list all spells.
Casting: Cause Fear (safe; 0% risk of failure)
Press: ? - help, Dir - look around, f - activate Look: a bag of meat, wielding a +9 war axe and wearing a +30 ring of slaying (chance to affect: 98%)
The bag of meat looks frightened!
The meat berserker is unaffected. x2
The bag of meat looks frightened! x2; The meat berserker is unaffected. x2
You hear a shout! x6
The bag of meat appears out of thin air!
A bag of meat comes into view. It is wielding a +9 war axe.
The bag of meat shouts!
The meat berserker rages.
You hear a shout! x7
The meat berserker hits you with a +9 battleaxe!!!!
Ouch! That really hurt!
You die...

.. .. #.. ..#
#.. ..# .###..
..###.
...o..###..o...
..o.._.....
#.O...# .
#_)@._# .
....#.)...#....
......._).......
......###o......
.###.. O.###..
#.O ..# . #. o.#
.. ..O .. ....


You could see 4 meat berserkers and 4 bags of meat.

Vanquished Creatures
  An ogre (D)
  3 orcs (D)
4 creatures vanquished.

Notes
Turn   | Place    | Note
-------+----------+-------------------------------------------
     0 | D        | Found the +∞ Axe of Woe
     0 | D        | CrazyBamboolord the Djinni Fire Elementalist began the
                  | quest for the Orb.
     0 | D        | CrazyBamboolord set off with the following spells
                  | memorised: Foxfire, Scorch, Kindle Blastsparks, Inner
                  | Flame, Flame Wave.
     0 | D        | Reached XP level 1. HP: 15/15 MP: 0/0
     2 | D        | Became a worshipper of Makhleb the Destroyer
     2 | D        | Noticed a bag of meat
     3 | D        | Noticed a bag of meat
     4 | D        | Noticed a bag of meat
     7 | D        | Noticed a bag of meat
     8 | D        | Killed a bag of meat
     8 | D        | Noticed a meat berserker
     9 | D        | Reached skill level 1 in Axes
     9 | D        | Reached skill level 19 in Spellcasting
     9 | D        | Reached XP level 2. HP: 21/21 MP: 0/0
     9 | D        | Reached XP level 3. HP: 25/25 MP: 0/0
     9 | D        | Learned a level 1 spell: Beastly Appendage
     9 | D        | Reached XP level 4. HP: 31/31 MP: 0/0
     9 | D        | Reached XP level 5. HP: 35/35 MP: 0/0
     9 | D        | Learned a level 2 spell: Searing Ray
     9 | D        | Reached XP level 6. HP: 40/40 MP: 0/0
     9 | D        | Reached XP level 7. HP: 45/45 MP: 0/0
     9 | D        | Learned a level 3 spell: Spider Form
     9 | D        | Reached XP level 8. HP: 50/50 MP: 0/0
     9 | D        | Reached XP level 9. HP: 55/55 MP: 0/0
     9 | D        | Learned a level 4 spell: Passage of Golubria
     9 | D        | Reached XP level 10. HP: 60/60 MP: 0/0
     9 | D        | Reached XP level 11. HP: 65/65 MP: 0/0
     9 | D        | Learned a level 4 spell: Cause Fear
    10 | D        | Killed a bag of meat
    10 | D        | Reached * piety under Makhleb
    10 | D        | Killed a bag of meat
    10 | D        | Noticed a bag of meat
    10 | D        | Noticed a meat berserker
    10 | D        | Noticed a bag of meat
    11 | D        | Reached skill level 24 in Spellcasting
    11 | D        | Reached XP level 12. HP: 51/70 MP: 0/0
    11 | D        | Reached XP level 13. HP: 55/75 MP: 0/0
    11 | D        | Learned a level 5 spell: Alistair's Intoxication
    11 | D        | Killed a meat berserker
    11 | D        | Noticed a meat berserker
    11 | D        | Noticed a meat berserker
    11 | D        | Noticed a meat berserker
    12 | D        | Reached skill level 26 in Spellcasting
    12 | D        | Reached XP level 14. HP: 59/80 MP: 0/0
    13 | D        | Noticed a bag of meat
    13 | D        | Annihilated by a meat berserker

Illustrated notes

Levels and vault maps discovered:
D:        meatsprint

Skill      XL: |  1  2  3  4  5  6  7  8  9 10 11 12 13 |
---------------+----------------------------------------+-----
Axes           | 1 4 |  4.2
Spellcasting   | 19 24 26 | 26.4
Invocations    | 6 |  6.4
Dodging        | |  2.1
Stealth        | |  1.5

Action                   |  1- 3 |  4- 6 |  7- 9 | 10-12 | 13-15 || total
-------------------------+-------+-------+-------+-------+-------++-------
Melee: Executioner's axe |     1 |       |       |     1 |     1 ||     3
 Cast: Cause Fear        |       |       |       |       |     1 ||     1

Table legend: (Time is in decaauts)
 A = Elapsed time spent in this place.
 B = Non-inter-level travel time spent in this place.
 C = Inter-level travel time spent in this place.
 D = Time resting spent in this place.
 E = Time spent auto-exploring this place.
 F = Levels seen in this place.
 G = Mean time per level.
                   A        B        C        D        E       F      G
               +--------+--------+--------+--------+--------+-----+--------+
         Total |     14 |     14 |      0 |      0 |      0 |   1 |   14.0 |
       Dungeon |     14 |     14 |      0 |      0 |      0 |   1 |   14.0 |
               +--------+--------+--------+--------+--------+-----+--------+

Top non-repeatable levels by time:
       D: 14 daAuts
